 Dungeon Crawl Stone Soup version 0.23.0-42-geed6394 (webtiles) character file.

Game seed: 6249445365508142445

1294 misha the Spear-Bearer (level 8, -3/96 HPs)
             Began as a Merfolk Berserker on Feb 28, 2019.
             Was an Elder of Trog.
             Shot with an arrow by a centaur (7 damage)
             ... on level 6 of the Dungeon.
             The game lasted 00:20:24 (7032 turns).

misha the Spear-Bearer (Merfolk Berserker)          Turns: 7032, Time: 00:20:25

Health: -3/96      AC:  6    Str: 24    XL:     8   Next: 56%
Magic:  17/17      EV: 14    Int:  7    God:    Trog [****..]
Gold:   96         SH:  0    Dex: 13    Spells: 7/7 levels left

rFire    . . .     SeeInvis .   b - +3 scythe
rCold    . . .     Gourm    .   (shield currently unavailable)
rNeg     . . .     Faith    .   i - +0 ring mail
rPois    +         Spirit   .   (no helmet)
rElec    .         Reflect  .   y - +0 cloak
rCorr    .         Harm     .   (no gloves)
MR       .....                  (no boots)
Stlth    ..........             (no amulet)
HPRegen  0.26/turn              g - ring of magical power
MPRegen  0.15/turn              x - ring of poison resistance

@: berserking, very quick
A: change form in water, swift swim, stealthy swim
a: Berserk, Trog's Hand, Brothers in Arms, Renounce Religion


You were on level 6 of the Dungeon.
You worshipped Trog.
Trog was greatly pleased with you.
You were not hungry.

You visited 1 branch of the dungeon, and saw 6 of its levels.

You collected 186 gold pieces.
You spent 90 gold pieces at shops.

Inventory:

Hand Weapons
 a - a +2 dagger of venom
 b - a +3 scythe (weapon)
 u - a +0 spear
Missiles
 f - 179 stones (quivered)
 q - 18 sling bullets
 v - 39 poisoned needles
Armour
 i - a +0 ring mail (worn)
 y - a +0 cloak (worn)
Jewellery
 g - a ring of magical power (left hand)
 x - a ring of poison resistance (right hand)
 z - a +2 ring of intelligence
 A - an uncursed ring of ice {unknown}
 B - an uncursed amulet of magic regeneration {unknown}
Wands
 C - a wand of iceblast (11)
Scrolls
 d - a scroll of holy word {unknown}
 e - 5 scrolls of teleportation {unknown}
 h - a scroll of enchant armour {unknown}
 j - a scroll of magic mapping {unknown}
 k - 2 scrolls of remove curse
 l - 2 scrolls of fear {unknown}
 n - 3 scrolls of enchant weapon
 t - 4 scrolls of identify
 w - a scroll of random uselessness {unknown}
Potions
 m - 2 potions of curing
 o - a potion of cancellation
 p - a potion of invisibility {unknown}
 r - 4 potions of flight {unknown}
 s - a potion of resistance {unknown}
Comestibles
 c - 4 rations


   Skills:
 + Level 6.2 Fighting
 + Level 3.8 Short Blades
 + Level 8.1 Polearms
 - Level 1.4 Armour
 + Level 6.6 Dodging
 + Level 5.3 Stealth


You had 7 spell levels left.
You didn't know any spells.
Your spell library was empty.

Dungeon Overview and Level Annotations

Branches:
Dungeon (6/15)
 Temple: D:4-7

Altars:
Gozag
Makhleb
Nemelex Xobeh
Qazlal
Uskayaw
Vehumet
Wu Jian

Shops:
D:4 !=[(


Message History

The centaur barely misses you.
The centaur shoots an arrow.
The arrow misses you.
You hear a splash.
The orc wizard points at you and mumbles some strange words.
The puff of flame misses you.
The centaur shoots an arrow.
The arrow hits you but does no damage. The centaur hits you!
* * * LOW HITPOINT WARNING * * *
The centaur shoots an arrow.
The arrow hits you.
* * * LOW HITPOINT WARNING * * *
You slice the centaur!!
You kill the centaur!
Trog accepts your kill.
You can now call in reinforcements.
The centaur shoots an arrow.
The arrow hits you!
* * * LOW HITPOINT WARNING * * *
The centaur shoots an arrow.
The arrow hits you!
* * * LOW HITPOINT WARNING * * *
The centaur shoots an arrow.
The arrow hits you.
* * * LOW HITPOINT WARNING * * *
The centaur shoots an arrow.
The arrow hits you!
You die...

.# #..........# ###.....#.#.##.#
.####.(........# #......<#.......
..(..(.........###.#co...#.......
###.....+#≈≈≈≈≈≈≈≈≈≈≈≈o)##.......
#.....+#≈≈≈≈≈≈≈≈≈≈≈§≈.##.......
#.....+#≈≈≈≈≈≈≈≈≈≈§o≈........>.
#.......≈≈≈c≈≈≈≈≈§≈≈≈.##.......
........≈≈≈≈≈≈≈≈≈≈≈≈≈.##.......
.........≈≈≈≈≈.@.≈≈≈≈≈.##.......
..........≈≈≈≈≈.(((((≈≈.##.......
.........≈≈≈≈≈...≈≈≈≈≈.###......
.≈≈≈≈≈≈≈≈≈≈≈≈≈.# #######
.≈≈≈≈≈≈≈≈≈≈≈≈≈(# .≈≈≈≈≈≈≈≈≈≈(≈≈.#
.≈≈≈≈≈≈≈≈≈≈≈≈≈.# .≈≈≈≈≈≈≈≈≈≈≈≈≈.#
...............#


You could see 2 centaurs, an orc wizard and 2 orcs.

Vanquished Creatures
  Sigmund (D:3)
  An ice beast (D:4)
  2 ogres
  2 centaurs (D:6)
  A scorpion (D:6)
  A water moccasin skeleton (D:5)
  A crimson imp (D:6)
  A jelly (D:6)
  5 orc wizards
  2 orc priests (D:5)
  A bullfrog skeleton (D:6)
  3 worker ants
  A worker ant zombie (D:5)
  4 gnolls (D:2)
  8 adders
  2 oozes
  An adder zombie (D:6)
  An adder skeleton (D:4)
  A worm (D:3)
  7 dart slugs
  3 leopard geckos
  12 orcs
  A giant cockroach (D:1)
  9 hobgoblins
  16 jackals
  4 bats
  4 frilled lizards
  11 goblins
  10 kobolds
  A quokka zombie (D:5)
  11 rats
128 creatures vanquished.

Notes
Turn   | Place    | Note
-------+----------+-------------------------------------------
     0 | D:1      | misha the Merfolk Berserker began the quest for the Orb.
     0 | D:1      | Reached XP level 1. HP: 18/18 MP: 1/1
    89 | D:1      | Reached XP level 2. HP: 24/24 MP: 2/2
   528 | D:1      | Reached XP level 3. HP: 28/30 MP: 3/3
   538 | D:1      | Reached skill level 1 in Stealth
   569 | D:1      | Reached skill level 5 in Polearms
  1471 | D:2      | Reached ** piety under Trog
  1645 | D:2      | Reached XP level 4. HP: 30/37 MP: 4/4
  2442 | D:2      | Reached XP level 5. HP: 34/42 MP: 5/5
  3295 | D:3      | Reached *** piety under Trog
  3517 | D:3      | Noticed Sigmund
  3535 | D:3      | Killed Sigmund
  3535 | D:3      | Reached skill level 6 in Polearms
  3535 | D:3      | Reached XP level 6. HP: 50/50 MP: 6/6
  3579 | D:3      | Reached skill level 5 in Fighting
  4026 | D:4      | Found Jefil's Distillery.
  4035 | D:4      | Noticed an ice beast
  4042 | D:4      | Killed an ice beast
  4042 | D:4      | Reached skill level 1 in Short Blades
  4042 | D:4      | Reached skill level 5 in Dodging
  4042 | D:4      | Reached XP level 7. HP: 56/56 MP: 7/7
  4184 | D:4      | Found Lulet's Jewellery Emporium.
  4214 | D:4      | Found a radiant altar of Vehumet.
  4214 | D:4      | Found an ornate altar of the Wu Jian Council.
  4214 | D:4      | Found an opulent altar of Gozag.
  4214 | D:4      | Found a hide-covered altar of Uskayaw.
  4223 | D:4      | Found a burning altar of Makhleb.
  4223 | D:4      | Found a stormy altar of Qazlal.
  4275 | D:4      | Found Wemyps's Antique Weapon Emporium.
  4566 | D:4      | Found Mubiv's Armour Boutique.
  4600 | D:4      | Reached skill level 7 in Polearms
  4997 | D:4      | Bought a +2 ring of intelligence for 90 gold pieces
  5005 | D:5      | Entered Level 5 of the Dungeon
  5777 | D:5      | Reached XP level 8. HP: 54/64 MP: 8/8
  5834 | D:5      | Found a sparkling altar of Nemelex Xobeh.
  6834 | D:6      | Reached skill level 5 in Stealth
  7012 | D:6      | Reached skill level 8 in Polearms
  7031 | D:6      | Reached **** piety under Trog
  7032 | D:6      | HP: 4/96 [centaur/arrow (2)]
  7032 | D:6      | Shot with an arrow by a centaur

Skill      XL: |  1  2  3  4  5  6  7  8 |
---------------+-------------------------+-----
Dodging        | 3 4 5 6 |  6.6
Stealth        | 1 2 3 4 5 |  5.3
Polearms       | 5 6 7 8 |  8.1
Fighting       | 4 5 6 |  6.2
Short Blades   | 1 2 3 |  3.8
Armour         | |  1.4

Action                   |  1- 3 |  4- 6 |  7- 9 || total
-------------------------+-------+-------+-------++-------
Melee: Spear             |   167 |   175 |       ||   342
       Scythe            |       |    14 |    92 ||   106
       Dagger            |       |     4 |    89 ||    93
Invok: Berserk           |     1 |     3 |     3 ||     7
       Trog's Hand       |       |     1 |     1 ||     2
  Use: Scroll            |       |     4 |     1 ||     5
 Stab: Sleeping          |     2 |     4 |     5 ||    11
       Distracted        |       |       |     1 ||     1
  Eat: Chunk             |     3 |     4 |     3 ||    10
       Ration            |       |     2 |     3 ||     5
Armor: Animal skin       |    13 |       |       ||    13
       Ring mail         |    18 |    28 |    63 ||   109
Dodge: Dodged            |    90 |    74 |   174 ||   338
